 Dungeon Crawl Stone Soup version 0.23.0 (webtiles) character file.

Game seed: 13164214720588259974

636 tentaculat the Stinger (level 7, -3/41 HPs)
             Began as an Octopode Venom Mage on Feb 19, 2019.
             Was an Initiate of Hepliaklqana.
             Slain by an ogre
             ... wielding a +0 giant club
              (28 damage)
             ... on level 5 of the Dungeon.
             The game lasted 00:11:53 (5868 turns).

tentaculat the Stinger (Octopode Venom Mage)        Turns: 5868, Time: 00:11:53

Health: -3/41      AC:  1    Str:  9    XL:     7   Next: 50%
Magic:  5/10       EV: 14    Int: 18    God:    Hepliaklqana [......]
Gold:   200        SH:  0    Dex: 12    Spells: 1/10 levels left

rFire    . . .     SeeInvis .   j - +0 spear (venom)
rCold    . . .     Gourm    .   (no shield)
rNeg     . . .     Faith    .   (helmet restricted)
rPois    .         Spirit   .   (no amulet)
rElec    .         Reflect  .   (no ring)
rCorr    .         Harm     .   (no ring)
MR       .....                  (no ring)
Stlth    +++.......             (no ring)
HPRegen  0.13/turn              (no ring)
MPRegen  0.12/turn              (no ring)
                                (no ring)
                                (no ring)

@: no status effects
A: almost no armour, stealthy swim, amphibious, 8 rings, constrict 8, reduced
essence, camouflage 1, gelatinous body 1
a: Recall Ancestor, Ancestor Identity, Renounce Religion


You were on level 5 of the Dungeon.
You worshipped Hepliaklqana.
Hepliaklqana was noncommittal.
You were hungry.

You visited 2 branches of the dungeon, and saw 6 of its levels.

You collected 200 gold pieces.

Inventory:

Hand Weapons
 c - a +0 short sword
 j - a +0 spear of venom (weapon)
 m - a +0 hunting sling
 t - a +0 trident
 u - a +0 quarterstaff
Missiles
 d - 156 stones (quivered)
 h - 68 sling bullets
 k - a throwing net {!f}
 l - 6 curare-tipped needles
 p - 13 poisoned needles
Jewellery
 q - a +1 ring of protection {unknown}
 x - a +3 ring of protection {unknown}
Scrolls
 f - 2 scrolls of identify {unknown}
 g - 3 scrolls of teleportation {@r3}
 n - 2 scrolls of remove curse {unknown}
 o - 2 scrolls of noise
 v - a scroll of fog {unknown}
 y - a scroll of blinking {unknown}
 A - a scroll of random uselessness {unknown}
 B - a scroll of enchant weapon {unknown}
Potions
 a - 2 potions of brilliance {unknown}
 e - 3 potions of haste {unknown}
 i - a potion of heal wounds {unknown}
 r - a potion of curing {unknown}
 s - a potion of degeneration {unknown}
 w - a potion of flight {unknown}
 z - a potion of agility {unknown}
Comestibles
 b - 8 rations


   Skills:
 + Level 3.2 Fighting
 * Level 3.5 Polearms
 - Level 3.1 Dodging
 - Level 4.2 Stealth
 - Level 2.0 Spellcasting
 - Level 1.0 Conjurations
 * Level 2.4 Summonings
 + Level 3.0 Air Magic
 - Level 4.4 Poison Magic


You had one spell level left.
You knew the following spells:

 Your Spells              Type           Power        Failure   Level  Hunger
a - Sting                 Conj/Pois      ##..         6%          1    #......
b - Poisonous Vapours     Pois/Air       ###...       6%          2    ###....
c - Mephitic Cloud        Conj/Pois/Air  ##......     17%         3    ###....
d - Call Canine Familiar  Summ           ##......     21%         3    ###....

Your spell library contained the following spells:

 Spells                   Type           Power        Failure   Level  Hunger
 Summon Small Mammal      Summ           ##..         7%          1    #......
 Call Imp                 Summ           ##......     10%         2    ###....
 Olgreb's Toxic Radiance  Pois           ###.....     30%         4    #####..
 Summon Guardian Golem    Hex/Summ       #.......     32%         3    ###....
 Summon Lightning Spire   Summ/Air       ##......     52%         4    #####..
 Summon Ice Beast         Ice/Summ       #.......     73%         4    #####..
 Venom Bolt               Conj/Pois      ##........   86%         5    ######.


Dungeon Overview and Level Annotations

Branches:
Dungeon (5/15)             Temple (1/1) D:5

Altars:
Ashenzari
Cheibriados
Dithmenos
Elyvilon
Fedhas
Gozag
Hepliaklqana
Kikubaaqudgha
Makhleb
Okawaru
Qazlal
Ru
Sif Muna
Trog
Uskayaw
Vehumet
Wu Jian
Xom
Yredelemnul
Zin
The Shining One

Annotations:
D:4 Dowan, Duvessa
D:5 Grinder


Innate Abilities, Weirdness & Mutations

You cannot wear most types of armour.
You are very stealthy in the water. (Stealth+)
You are amphibious.
You can wear up to eight rings at the same time.
You can use your tentacles to constrict eight enemies at once.
Your skin changes colour to match your surroundings (Stealth+).
Your rubbery body absorbs attacks. (AC +1, EV +1)
Your life essence is reduced to manifest your ancestor. (-10% HP)


Message History

Aiming: Poisonous Vapours (safe; 6% risk of failure)
Aim: an ogre, wielding a +0 giant club (resting) Poisonous vapours surround the ogre!
The ogre shouts!
The ogre is engulfed in poison gas.
The ogre is poisoned.
Casting: Poisonous Vapours (safe; 6% risk of failure)
Aiming: Mephitic Cloud (safe; 17% risk of failure)
Aim: an ogre, wielding a +0 giant club (moderately wounded, poisoned)
The ball explodes into a vile cloud!
The stinking cloud engulfs the ogre but does no damage.
The ogre is engulfed in noxious fumes.
Attack whom?
Aim: an ogre, wielding a +0 giant club (moderately wounded, poisoned)
You reach to attack!
You barely miss the ogre. You hit the ogre.
The ogre hits you with a +0 giant club!
You hit the ogre.
The ogre looks even sicker.
You barely miss the ogre. Your squeeze misses the ogre.
The ogre hits you with a +0 giant club!!
Ouch! That really hurt!
You die...

.......##.#
#.#
.......##.#
#.#
####+#.##.#
#.# .##.#
#.# .##.
#.# .# #.#
#.#
#.########
#.R@O.°..#
#######.##


You could see the friendly Tenoch the ancestor and an ogre.

Vanquished Creatures
  A centaur (D:5)
  An ogre (D:4)
  A bullfrog skeleton (D:4)
  2 orc priests
  2 orc wizards
  Jessica (D:2)
  A worker ant (D:4)
  4 gnolls (D:2)
  5 adders
  2 worms (D:3)
  4 dart slugs
  4 leopard geckos
  8 orcs
  A ball python (D:4)
  5 bats
  5 giant cockroaches
  12 goblins
  9 hobgoblins
  9 jackals
  6 kobolds
  4 quokkas
  5 frilled lizards
  7 rats
  A plant (D:1)
100 creatures vanquished.

Vanquished Creatures (collateral kills)
  A phantom (D:5)
1 creature vanquished.

Grand Total: 101 creatures vanquished

Notes
Turn   | Place    | Note
-------+----------+-------------------------------------------
     0 | D:1      | tentaculat the Octopode Venom Mage began the quest for the
                  | Orb.
     0 | D:1      | Reached XP level 1. HP: 11/11 MP: 3/3
   154 | D:1      | Found a shattered altar of Ashenzari.
   226 | D:1      | Reached XP level 2. HP: 18/18 MP: 5/5
   323 | D:1      | Reached skill level 1 in Fighting
  1290 | D:1      | Learned a level 2 spell: Poisonous Vapours
  1392 | D:2      | Reached XP level 3. HP: 23/23 MP: 4/6
  1638 | D:2      | Reached skill level 1 in Polearms
  1638 | D:2      | Reached skill level 1 in Air Magic
  1638 | D:2      | Reached XP level 4. HP: 28/28 MP: 0/7
  1915 | D:2      | Noticed Jessica
  1967 | D:2      | Killed Jessica
  2065 | D:2      | Found a shimmering altar of Xom.
  2135 | D:2      | Reached XP level 5. HP: 34/34 MP: 8/8
  2168 | D:2      | Learned a level 3 spell: Mephitic Cloud
  2434 | D:2      | Found a snail-covered altar of Cheibriados.
  3310 | D:3      | Found a white marble altar of Elyvilon.
  3552 | D:3      | Reached XP level 6. HP: 34/39 MP: 6/9
  3769 | D:3      | Learned a level 3 spell: Call Canine Familiar
  4183 | D:4      | Found a hide-covered altar of Uskayaw.
  4183 | D:4      | Noticed a +0 dagger
  4184 | D:4      | Noticed a +0 hand axe
  4201 | D:4      | Noticed Duvessa
  4937 | D:4      | Noticed Dowan
  5110 | D:4      | Reached skill level 1 in Summonings
  5227 | D:5      | Entered Level 5 of the Dungeon
  5231 | D:5      | Noticed a phantom
  5271 | D:5      | Killed a phantom
  5271 | D:5      | Reached XP level 7. HP: 19/46 MP: 4/10
  5521 | D:5      | Noticed Grinder
  5677 | D:5      | Found a staircase to the Ecumenical Temple.
  5682 | Temple   | Entered the Ecumenical Temple
  5785 | Temple   | Became a worshipper of Hepliaklqana the Forgotten
  5868 | D:5      | Slain by an ogre

Skill      XL: |  1  2  3  4  5  6  7 |
---------------+----------------------+-----
Stealth        | 3 4 |  4.2
Fighting       | 1 2 3 |  3.2
Polearms       | 1 2 3 |  3.5
Air Magic      | 1 2 3 |  3.0
Poison Magic   | 4 |  4.4
Dodging        | 3 |  3.1
Summonings     | 1 2 |  2.4
Spellcasting   | |  2.0
Conjurations   | |  1.0

Action                   |  1- 3 |  4- 6 |  7- 9 || total
-------------------------+-------+-------+-------++-------
Melee: Short sword       |    25 |       |       ||    25
       Constrict         |    15 |    34 |     3 ||    52
       Spear             |    54 |   159 |    19 ||   232
       Tentacles         |    22 |    19 |     4 ||    45
 Fire: Hunting sling     |       |    28 |       ||    28
Throw: Stone             |       |     1 |       ||     1
 Cast: Sting             |    28 |     1 |       ||    29
       Poisonous Vapours |     3 |    11 |     1 ||    15
       Mephitic Cloud    |       |     3 |     5 ||     8
       Call Canine Famil |       |     2 |       ||     2
  Use: Scroll            |       |     2 |       ||     2
 Stab: Sleeping          |       |    18 |       ||    18
  Eat: Ration            |     1 |     1 |       ||     2
       Chunk             |       |    10 |     1 ||    11
Armor: Skin              |     3 |     3 |     1 ||     7
Dodge: Dodged            |    16 |    81 |     7 ||   104
